 Dungeon Crawl Stone Soup version 0.23.2-40-g277498a001 (webtiles) character file.

Game seed: 15908099293924704224

1904 Descartes the Martial Artist (level 9, -2/45 HPs)
             Began as a Vine Stalker Monk on Oct 13, 2019.
             Slain by Pikel
             ... wielding a +2 whip of electrocution
              (16 damage)
             ... while paralysed by Pikel
             ... on level 7 of the Dungeon.
             The game lasted 00:15:26 (6247 turns).

Descartes the Martial Artist (Vine Stalker Monk)    Turns: 6247, Time: 00:15:27

Health: -2/45      AC:  6    Str: 17    XL:     9   Next: 15%
Magic:  0/10       EV:  2    Int: 10    God:
Gold:   386        SH:  0    Dex: 17    Spells: 8/8 levels left

rFire    + . .     SeeInvis .     - Unarmed
rCold    . . .     Gourm    .   (no shield)
rNeg     . . .     Faith    .   D - +1 leather armour {rF+}
rPois    .         Spirit   +   (no helmet)
rElec    .         Reflect  .   r - scarf {cloud immunity}
rCorr    .         Harm     .   u - +0 pair of gloves
MR       +....                  p - +0 pair of boots
Stlth    +++.......             (no amulet)
HPRegen  0.55/turn              (no ring)
MPRegen  0.12/turn              (no ring)

@: paralysed
A: fangs 3, regeneration 1, magic shield, antimagic bite, no potion heal 3, rot
immunity
a: no special abilities


You were on level 7 of the Dungeon.
You were not hungry.

You visited 1 branch of the dungeon, and saw 7 of its levels.

You collected 386 gold pieces.

Inventory:

Hand Weapons
 b - a +1 hunting sling of flaming
 I - a cursed -1 war axe
 J - a +0 rapier
Missiles
 f - 315 stones (quivered)
 g - 4 curare-tipped needles
 i - 58 arrows
 w - 30 poisoned needles
 G - 28 sling bullets
Armour
 a - a +0 robe
 d - a +0 scale mail
 p - a +0 pair of boots (worn)
 q - a +0 ring mail
 r - a scarf of cloud immunity (worn)
 s - a +0 plate armour
 u - a +0 pair of gloves (worn)
 D - a +1 leather armour of fire resistance (worn)
Jewellery
 j - an uncursed ring of ice
Wands
 C - a wand of flame (14)
 N - a wand of acid (10)
Scrolls
 h - 4 scrolls of identify {unknown}
 l - 3 scrolls of remove curse {unknown}
 o - 5 scrolls of magic mapping {unknown}
 t - a scroll of enchant weapon {unknown}
 y - a scroll of enchant armour {unknown}
 F - 3 scrolls of amnesia {unknown}
 H - a scroll of random uselessness {unknown}
 K - 4 scrolls of fear {unknown}
Potions
 c - 3 potions of might {unknown}
 e - a potion of heal wounds {unknown}
 k - a potion of curing {unknown}
 m - 2 potions of agility {unknown}
 n - a potion of lignification {unknown}
 v - 3 potions of brilliance {unknown}
 x - a potion of invisibility {unknown}
 z - a potion of haste {unknown}
 A - a potion of berserk rage {unknown}
 B - a potion of cancellation {unknown}
 E - 2 potions of flight {unknown}
 M - a potion of magic {unknown}
 O - a potion of resistance {unknown}
Comestibles
 L - 10 rations
 P - 2 chunks of flesh


   Skills:
 + Level 4.1 Fighting
 + Level 4.1 Slings
 + Level 3.8 Armour
 + Level 3.8 Dodging
 + Level 4.5 Stealth
 + Level 8.0 Unarmed Combat


You had 8 spell levels left.
You didn't know any spells.
Your spell library was empty.

Dungeon Overview and Level Annotations

Branches:
Dungeon (7/15)
 Temple: D:4-7

Altars:
Kikubaaqudgha
Nemelex Xobeh

Annotations:
D:7 Pikel


Innate Abilities, Weirdness & Mutations

You have razor-sharp teeth.
Your natural rate of healing is unusually fast.
When hurt, damage is shared between your health and your magic reserves.
Your bite disrupts and absorbs the magic of your enemies.
Potions cannot restore your health.
You are immune to rotting.


Message History

You bite the crimson imp.
You kill the crimson imp!
Your Unarmed Combat skill increases to level 8!
The slave hits you.
Found 15 sling bullets.
You hit the slave. Your bite misses the slave.
The slave is lightly wounded.
The slave hits you! The slave barely misses you.
You closely miss the slave.
The slave is lightly wounded.
You closely miss Pikel. The slave hits you but does no damage.
Pikel zaps a wand.
You suddenly lose the ability to move!
The slave barely misses you.
The slave hits you but does no damage. x4
The slave hits you. Pikel hits you but does no damage.
You are electrocuted!
The slave hits you but does no damage. The slave hits you. x2
Pikel hits you with a +2 whip of electrocution!
You are electrocuted!!
You die...

###'####..###≈#
#...........###
#........##..#
#.÷......# #.#
#........# .#
######........#
#
...............#
.....##...p....#
###. #..@p....#
# #.pKp...##
#/......#
#.8...8.#
#(......#
#....=..#
#.8...8.#
#.......#
#...(...#


You could see Pikel and 4 slaves.

Vanquished Creatures
  Eustachio (D:5)
  Menkaure (D:7)
  A sky beast (D:6)
  A black bear (D:7)
  An orc warrior (D:7)
  A phantom (D:4)
  A wyvern zombie (D:6)
  A bullfrog (D:6)
  A scorpion (D:6)
  A howler monkey (D:5)
  5 crimson imps
  A jelly (D:7)
  8 hounds
  An orc priest (D:6)
  2 bullfrog zombies
  4 orc wizards
  2 iguanas (D:6)
  6 worker ants
  4 gnolls (D:3)
  10 adders
  2 shadow imps
  An ooze (D:3)
  4 worms
  2 dart slugs
  3 leopard geckos
  13 orcs
  8 bats
  5 giant cockroaches
  6 goblins
  5 hobgoblins
  9 jackals
  6 kobolds
  4 quokkas
  10 frilled lizards
  A quokka skeleton (D:6)
  6 rats
138 creatures vanquished.

Notes
Turn   | Place    | Note
-------+----------+-------------------------------------------
     0 | D:1      | Descartes the Vine Stalker Monk began the quest for the
                  | Orb.
     0 | D:1      | Reached XP level 1. HP: 11/11 MP: 2/2
   296 | D:1      | Reached XP level 2. HP: 16/16 MP: 3/3
  1037 | D:2      | Reached XP level 3. HP: 15/19 MP: 4/4
  1294 | D:2      | Reached skill level 1 in Armour
  1460 | D:2      | Gained mutation: Your natural rate of healing is unusually
                  | fast. [Vine Stalker growth]
  1460 | D:2      | Reached XP level 4. HP: 20/23 MP: 5/5
  1491 | D:2      | Reached skill level 4 in Unarmed Combat
  2184 | D:3      | Reached XP level 5. HP: 13/28 MP: 1/6
  3050 | D:4      | Reached skill level 5 in Unarmed Combat
  3050 | D:4      | Reached XP level 6. HP: 21/32 MP: 4/7
  3076 | D:4      | Noticed a phantom
  3110 | D:4      | Killed a phantom
  3279 | D:4      | Reached XP level 7. HP: 14/36 MP: 5/8
  3644 | D:4      | Found an ancient bone altar of Kikubaaqudgha.
  3753 | D:5      | Entered Level 5 of the Dungeon
  4013 | D:5      | Reached skill level 6 in Unarmed Combat
  4221 | D:5      | Found a sparkling altar of Nemelex Xobeh.
  4352 | D:5      | Noticed Eustachio
  4366 | D:5      | Killed Eustachio
  4552 | D:5      | Gained mutation: You have razor-sharp teeth. [Vine Stalker
                  | growth]
  4552 | D:5      | Reached XP level 8. HP: 36/40 MP: 9/9
  4846 | D:6      | Reached skill level 7 in Unarmed Combat
  4940 | D:6      | Reached skill level 1 in Slings
  5977 | D:7      | Noticed Menkaure
  6011 | D:7      | Killed Menkaure
  6011 | D:7      | Reached XP level 9. HP: 29/45 MP: 10/10
  6235 | D:7      | Noticed Pikel
  6238 | D:7      | Reached skill level 8 in Unarmed Combat
  6243 | D:7      | Paralysed by Pikel for 7 turns
  6247 | D:7      | Slain by Pikel

Skill      XL: |  1  2  3  4  5  6  7  8  9 |
---------------+----------------------------+-----
Armour         | 1 2 3 |  3.8
Unarmed Combat | 4 5 6 7 8 |  8.0
Fighting       | 3 4 |  4.1
Stealth        | 3 4 |  4.5
Dodging        | 3 |  3.8
Slings         | 3 4 |  4.1

Action                   |  1- 3 |  4- 6 |  7- 9 || total
-------------------------+-------+-------+-------++-------
Melee: Unarmed           |   122 |   217 |   231 ||   570
       Bite              |    30 |    54 |    73 ||   157
       Punch             |     1 |     4 |    11 ||    16
 Fire: Hunting sling     |       |       |    77 ||    77
 Stab: Sleeping          |       |     2 |     6 ||     8
  Eat: Chunk             |     2 |     6 |     7 ||    15
       Ration            |       |       |     1 ||     1
Armor: Scale mail        |    55 |    26 |       ||    81
       Ring mail         |       |    38 |    11 ||    49
       Leather armour    |       |       |    55 ||    55
Dodge: Dodged            |    83 |   122 |   111 ||   316
